[Event "Late-Titled-Tuesday-Blitz-August-29-2023"]
[Site "Chess.com"]
[Date "2023.08.29"]
[Round "4"]
[White "dosto07"]
[Black "AsaHoffmann"]
[Result "1-0"]
[WhiteElo "2505"]
[BlackElo "2362"]
[TimeControl "180+1"]
[EndTime "14:38:24 PDT"]
[Termination "dosto07 won by resignation"]

1. e4 d6 2. d4 Nf6 3. Nc3 c6 4. a4 Qa5 5. Bd2 e5 6. d5 Be7 7. Nf3 Bg4 8. Be2 Nbd7 9. O-O Qc7 10. a5 a6 11. h3 Bh5 12. dxc6 bxc6 13.
Nh4 Bxe2 14. Qxe2 g6 15. Bh6 Nh5 16. Nf5 Nf4 17. Bxf4 exf4 18. Nxe7 Kxe7 19. Rfd1 Rhe8 20. Qd2 f3 21. Qg5+ f6 22. Qh6 Nf8 23. Qg7+ Kd8 24. Qxf6+ Kc8 25. Qxd6 Qxd6 26. Rxd6 Kc7 27. Rad1 fxg2 28.
Kxg2 Re7 29. R6d4 Ne6 30. Rc4 Kb7 31. Rd6 Rc8 32. Na4 Nf4+ 33. Kg3 Rf7 34. Rb4+ Kc7 35.
Rd2 Rcf8 36. Nc5 Nh5+ 37. Kg2 Nf4+ 38. Kh2 Nh5 39. Ne6+ Kc8 40. Nxf8 Rxf8 41. Rb6 Kc7 42. Rxa6 Nf4 43. Ra7+ Kb8 44. Rxh7 Ne6 45. a6 Ng5 46. Rb7+ Ka8 47. Kg2 Nxe4 48. Re2 Nc5 49. Rb6 Rf6 50. b4 Nd7 51. Re8+ Ka7 52. Rb7+ Kxa6 53.
Rxd7 Kb5 54. Rd4 c5 55. Re5 Rf5 56. Rxf5 gxf5 57. bxc5 Kxc5 58. Rf4 Kd5 59. Rxf5+ Ke4 60. Rf3 Kd4 61. h4 1-0

[Event "Late-Titled-Tuesday-Blitz-August-29-2023"]
[Site "Chess.com"]
[Date "2023.08.29"]
[Round "4"]
[White "Firouzja2003"]
[Black "Thjop"]
[Result "1-0"]
[WhiteElo "3101"]
[BlackElo "2702"]
[TimeControl "180+1"]
[EndTime "14:38:25 PDT"]
[Termination "Firouzja2003 won by resignation"]

1. e4 e6 2. d4 d5 3. Bd3 dxe4 4. Bxe4 Nf6 5. Bf3 c5 6. Ne2 Be7 7. Nbc3 O-O 8. Be3 Qa5 9. O-O Nc6 10. Bxc6 bxc6 11.
dxc5 Bxc5 12. Bxc5 Qxc5 13. Qd4 Qb6 14. Na4 Qxd4 15.
Nxd4 Ba6 16. Rfd1 Bb5 17. Nc5 Rfd8 18. a4 Rd5 19. axb5 Rxc5 20. b6 Rd5 21. Rxa7 Rb8 22. b7 e5 23. Ra8 Nd7 24. Rda1 Rxd4 25. f4 Rb4 26. Rd1 Rxb7 27. Rxd7 Rxa8 28. Rxb7 exf4 29. Rc7 g5 30. Rxc6 Ra1+ 31. Kf2 Kg7 32. Rc5 f6 33. b4 Rb1 34. b5 Kg6 35. Kf3 h5 36. Ke4 Rg1 37.
c4 Rxg2 38. b6 Re2+ 39. Kf3 Rb2 40. Rb5 Rc2 41. b7 Rc3+ 42. Kf2 g4 43. b8=Q g3+ 44.
hxg3 fxg3+ 45. Qxg3+ Rxg3 46. Kxg3 1-0

[Event "Late-Titled-Tuesday-Blitz-August-29-2023"]
[Site "Chess.com"]
[Date "2023.08.29"]
[Round "4"]
[White "IMRosen"]
[Black "DanielNaroditsky"]
[Result "0-1"]
[WhiteElo "2618"]
[BlackElo "3101"]
[TimeControl "180+1"]
[EndTime "14:38:25 PDT"]
[Termination "DanielNaroditsky won on time"]

1. d4 Nf6 2. Bf4 c5 3. e3 cxd4 4. exd4 Qb6 5. Na3 d6 6. Nc4 Qc7 7. Nf3 b6 8. Bd3 Bb7 9. Qe2 e6 10.
c3 Be7 11. O-O O-O 12. Rfe1 Nbd7 13. h3 h6 14. a4 Rac8 15. Qd1 a6 16. Ncd2 Rfe8 17.
Qb3 Qb8 18. Bg3 Qa8 19. Rad1 Bf8 20. Qa2 Bc6 21. c4 d5 22. b3 Bb4 23. Bf1 dxc4 24. bxc4 Bxd2 25. Rxd2 Bxf3 26. gxf3 Qxf3 27. Bg2 Qc3 28. Bf1 Qa5 29. Rc1 Ne4 30. Rd3 Qg5 31. Rcd1 Ndf6 32. Bg2 Red8 33. Qb3 Qa5 34. Re3 Nd2 35. Qc3 Nxc4 36. Qxa5 Nxa5 37. Red3 Nd5 38. Rb1 Nc4 39. Rdd1 Nc3 40. Rbc1 Ne2+ 41. Kh2 Nxc1 42.
Rxc1 Rxd4 43. Bb7 Rcd8 44. Bxa6 Nd6 45. Rc7 Rxa4 46. Be2 Nf5 47. Be5 Re4 0-1

[Event "Late-Titled-Tuesday-Blitz-August-29-2023"]
[Site "Chess.com"]
[Date "2023.08.29"]
[Round "4"]
[White "Fuzesabonyilaci"]
[Black "trriinu"]
[Result "1-0"]
[WhiteElo "2403"]
[BlackElo "2205"]
[TimeControl "180+1"]
[EndTime "14:38:25 PDT"]
[Termination "Fuzesabonyilaci won on time"]

1. d4 d5 2. Nc3 c6 3. e4 g6 4. e5 Bg7 5. g4 f6 6. f4 fxe5 7.
fxe5 e6 8. Be3 Nh6 9. h4 O-O 10. Be2 c5 11. h5 cxd4 12. Bxh6 dxc3 13. Bxg7 Kxg7 14. hxg6 cxb2 15. Rxh7+ Kg8 16. Rb1 Qg5 17. Rxb2 Nc6 18. Nf3 Rxf3 19. Bxf3 Qxe5+ 20. Kf1 Qxb2 21. Bxd5 Qb5+ 22. c4 Qc5 23. Qa1 Qd4 24. Qe1 Qf4+ 25.
Kg1 Qxg4+ 26. Bg2 Qxg6 27. Rh3 e5 28. Rg3 Bf5 29. Rxg6+ Bxg6 30. Qg3 Kg7 31. Be4 Ne7 32. Qxe5+ Kf7 33. Bxb7 Rg8 34. Bd5+ Nxd5 35. Qxd5+ Kf6 36.
Qd4+ 1-0

[Event "Late-Titled-Tuesday-Blitz-August-29-2023"]
[Site "Chess.com"]
[Date "2023.08.29"]
[Round "4"]
[White "only_strong_moves"]
[Black "S-Fazulyanov"]
[Result "1-0"]
[WhiteElo "2538"]
[BlackElo "2641"]
[TimeControl "180+1"]
[EndTime "14:38:26 PDT"]
[Termination "only_strong_moves won on time"]

1. e4 c5 2. Nf3 Nc6 3. Bb5 g6 4. O-O Bg7 5. Bxc6 dxc6 6. d3 e5 7. h3 Ne7 8. Be3 b6 9. Qd2 h6 10. Nh2 g5 11. Nc3 Qd6 12. a4 a5 13. Nb1 Be6 14. Na3 Ng6 15. Nc4 Bxc4 16. dxc4 Qxd2 17.
Bxd2 O-O-O 18. Rfd1 Rd4 19. Bc3 Rxc4 20. Rd6 Rd8 21.
Rxd8+ Kxd8 22. f3 Nf4 23. Kf2 b5 24. axb5 cxb5 25. Bxa5+ Kd7 26. c3 b4 27. Ng4 Nd3+ 28. Ke2 Nxb2 29. cxb4 Rc2+ 30. Kf1 c4 31.
Ne3 Rc3 32. Nd5 Rd3 33. b5 Bf8 34. b6 Kc6 35. Rb1 Ba3 36. Bb4 1-0

[Event "Late-Titled-Tuesday-Blitz-August-29-2023"]
[Site "Chess.com"]
[Date "2023.08.29"]
[Round "4"]
[White "IMGC"]
[Black "bazar-wokzal"]
[Result "1/2-1/2"]
[WhiteElo "2410"]
[BlackElo "2570"]
[TimeControl "180+1"]
[EndTime "14:38:26 PDT"]
[Termination "Game drawn by repetition"]

1. b3 e5 2. Bb2 Nc6 3. e3 a6 4. c4 f5 5. Nc3 Nf6 6. Nf3 e4 7. Ng5 h6 8. Nh3 g5 9. d3 Bg7 10. dxe4 Nxe4 11. Qh5+ Kf8 12. Nxe4 Bxb2 13. Rb1 Bg7 14.
Ng3 Bc3+ 15. Kd1 d5 16. Kc2 d4 17. Rd1 Qf6 18. a3 dxe3 19. fxe3 Ba1 20. Rxa1 Qxa1 21. Bd3 Qe5 22. Nxf5 Bxf5 23. Rf1 Ne7 24. Bxf5 Nxf5 25. Qg4 Kg7 26. Rxf5 Qxe3 27. Nxg5 hxg5 28. Rxg5+ Kf6 29. Rf5+ Ke7 30. Qg7+ Kd6 31. Qg6+ Kd7 32. Qg7+ Kd6 33. Qg6+ Kd7 34. Qg7+ Kd6 1/2-1/2

[Event "Late-Titled-Tuesday-Blitz-August-29-2023"]
[Site "Chess.com"]
[Date "2023.08.29"]
[Round "4"]
[White "WindWhistler11"]
[Black "CarrotsandPizza"]
[Result "1-0"]
[WhiteElo "2480"]
[BlackElo "2316"]
[TimeControl "180+1"]
[EndTime "14:38:26 PDT"]
[Termination "WindWhistler11 won on time"]

1. Nf3 Nf6 2. c4 g6 3. g3 Bg7 4. Bg2 d6 5. O-O O-O 6. Nc3 e5 7. Rb1 a5 8. a3 Nc6 9. b4 axb4 10. axb4 Nd4 11. Ne1 c6 12. e3 Nf5 13. d3 d5 14.
cxd5 cxd5 15. Nc2 h5 16. e4 dxe4 17. dxe4 Nd4 18. Ne3 h4 19. Ncd5 h3 20. Bh1 Ne8 21.
Nc4 Be6 22. Be3 b5 23. Na5 Rc8 24. Nb7 Qd7 25. Nc5 Qd8 26. f4 Bxd5 27. exd5 Qd6 28. Ne4 Qb8 29. Ng5 Nf5 30. Bc5 exf4 31. Rxf4 Ned6 32.
Qg4 Rxc5 33. bxc5 Qa7 34. Rc1 Rc8 35. Ne4 Nxe4 36. Bxe4 Rxc5 37. Rcf1 1-0

[Event "Late-Titled-Tuesday-Blitz-August-29-2023"]
[Site "Chess.com"]
[Date "2023.08.29"]
[Round "4"]
[White "Noki102"]
[Black "The_Princess_Moon"]
[Result "0-1"]
[WhiteElo "2429"]
[BlackElo "2236"]
[TimeControl "180+1"]
[EndTime "14:38:26 PDT"]
[Termination "The_Princess_Moon won on time"]

1. d4 c5 2. dxc5 e6 3. Nc3 Bxc5 4. e4 d6 5. Nf3 Nf6 6. Bg5 Nbd7 7. Bd3 h6 8. Bh4 O-O 9. Qd2 a6 10. O-O-O b5 11. g4 b4 12. Na4 Qa5 13. b3 Nxg4 14. Rhg1 Nde5 15. Nxe5 Nxe5 16. Qxh6 Ng6 17. Rxg6 fxg6 18.
Qxg6 Rf4 19. Rg1 Bd4 20. e5 Qxe5 21. Qe8+ Rf8 22. Bh7+ Kxh7 23. Qxf8 Bb7 24. Qe7 Qf4+ 25. Kb1 Be4 26. Bg5 Bxc2+ 27. Kxc2 Rc8+ 28. Kd1 Rc1+ 29. Ke2 Qxf2+ 30. Kd3 Rxg1 31. Qxe6 Rd1+ 32. Kc4 Qf1+ 33.
Kxb4 Qe1+ 34. Ka3 Qxe6 0-1

[Event "Late-Titled-Tuesday-Blitz-August-29-2023"]
[Site "Chess.com"]
[Date "2023.08.29"]
[Round "4"]
[White "Karina_Ivanova"]
[Black "scandalgod"]
[Result "0-1"]
[WhiteElo "2308"]
[BlackElo "2470"]
[TimeControl "180+1"]
[EndTime "14:38:27 PDT"]
[Termination "scandalgod won by resignation"]

1. Nf3 d5 2. g3 Nf6 3. Bg2 c6 4. O-O Bf5 5. c4 e6 6. cxd5 exd5 7. d3 Be7 8. Nc3 O-O 9. Qb3 Qb6 10. Qc2 h6 11. e4 Bh7 12. Be3 Qd8 13. Rad1 Nbd7 14.
Rfe1 Bb4 15. a3 Ba5 16. b4 Bb6 17. Nd4 Ne5 18. Qb2 Neg4 19. exd5 cxd5 20. Nce2 Nxe3 21. fxe3 Re8 22. Nf4 Qd6 23. Kh1 Re7 24. Qb3 Rd8 25. Nc2 g5 26. Nh3 Bg6 27. Nf2 Rde8 28. d4 h5 29. Nd3 Ng4 30. Kg1 Nxe3 31. Nxe3 Rxe3 32.
Rxe3 Rxe3 33. Qc2 Bxd4 34. Qc8+ Kg7 35. Nf2 Qe5 36. Qc1 Re2 37. Rf1 Qf6 0-1

[Event "Late-Titled-Tuesday-Blitz-August-29-2023"]
[Site "Chess.com"]
[Date "2023.08.29"]
[Round "4"]
[White "jup1978"]
[Black "KorolDimitriy75"]
[Result "1-0"]
[WhiteElo "2506"]
[BlackElo "2364"]
[TimeControl "180+1"]
[EndTime "14:38:30 PDT"]
[Termination "jup1978 won on time"]

1. e4 c5 2. Nf3 d6 3. Bb5+ Nd7 4. d4 Nf6 5. Nc3 cxd4 6. Qxd4 g6 7. e5 dxe5 8. Nxe5 Bg7 9. Bg5 O-O 10. O-O-O Qa5 11.
Nxd7 Nxd7 12. Qa4 Qxa4 13. Nxa4 Nf6 14. Rhe1 a6 15. Nb6 Rb8 16. Be2 Be6 17. Bf3 Rfd8 18.
a4 Rd6 19. Bf4 Rxd1+ 20. Rxd1 Re8 21. Bxb7 a5 22. Bc6 Rf8 23. b3 Ng4 24. f3 Ne5 25. Bd5 Rb8 26. Nc4 Bxd5 27. Rxd5 f6 28. Nxe5 fxe5 29. Bxe5 e6 30. Rxa5 Bh6+ 31. f4 Rc8 32. g3 Bf8 33. Rb5 Ba3+ 34. Kd2 Rd8+ 35. Ke2 Bc1 36.
Rb8 Rxb8 37. Bxb8 Kf7 38. a5 Ke8 39. a6 Kd7 40. a7 1-0

[Event "Late-Titled-Tuesday-Blitz-August-29-2023"]
[Site "Chess.com"]
[Date "2023.08.29"]
[Round "4"]
[White "bescmelasti"]
[Black "alturas_pacificas"]
[Result "1/2-1/2"]
[WhiteElo "2630"]
[BlackElo "2416"]
[TimeControl "180+1"]
[EndTime "14:38:31 PDT"]
[Termination "Game drawn by repetition"]

1. e4 e5 2. Nf3 Nf6 3. Nxe5 d6 4. Nf3 Nxe4 5. d4 d5 6. Bd3 Bd6 7. O-O O-O 8. c4 c6 9. Re1 Bf5 10. Qb3 Qb6 11. c5 Qxb3 12. axb3 Bc7 13. Nc3 Re8 14. Nh4 Bg6 15. Nxg6 hxg6 16. Nxe4 dxe4 17. Rxe4 Rxe4 18. Bxe4 Na6 19. Bxc6 Nxc5 20. dxc5 bxc6 21. Ra6 Rd8 22. g3 Rd1+ 23. Kg2 Rxc1 24. Rxc6 Be5 25. Rc8+ Kh7 26. b4 Bxb2 27. Ra8 Rc4 28. Rxa7 Rxb4 29. Rxf7 Rc4 30. Rc7 Rc2 31. c6 Bd4 32. Kf3 Bxf2 33. Rb7 Bxg3 34. hxg3 Rxc6 35. Kg4 Rc4+ 36. Kh3 g5 37. g4 Rc6 38. Kg3 Kg6 39. Rb5 Rc3+ 40. Kg2 Rd3 41. Kf2 Ra3 42. Kg2 Kf6 43. Rf5+ Kg6 44.
Rb5 Rc3 45. Ra5 Rd3 46. Rc5 Rd6 47. Kf3 Rf6+ 48. Kg3 Rf4 49. Rc6+ Rf6 50. Rc5 Rf4 51.
Rc6+ Rf6 52. Rc5 1/2-1/2

[Event "Late-Titled-Tuesday-Blitz-August-29-2023"]
[Site "Chess.com"]
[Date "2023.08.29"]
[Round "4"]
[White "maciek_92"]
[Black "vladislavkovalev"]
[Result "0-1"]
[WhiteElo "2735"]
[BlackElo "2919"]
[TimeControl "180+1"]
[EndTime "14:38:32 PDT"]
[Termination "vladislavkovalev won by resignation"]

1. Nf3 Nf6 2. b3 e6 3. Bb2 d5 4. g3 b6 5. Bg2 Bb7 6. O-O Be7 7. e3 O-O 8. Qe2 c5 9. c4 dxc4 10. bxc4 Nc6 11. Rd1 Qc7 12. Nc3 a6 13. Rac1 Rac8 14. d4 cxd4 15. exd4 Na5 16. c5 bxc5 17. dxc5 Rfd8 18. Re1 Qxc5 19. Ne4 Qb5 20. Rxc8 Rxc8 21. Nxf6+ Bxf6 22. Bxf6 Qxe2 23. Rxe2 gxf6 24. Ne1 Rc3 25. Nc2 Bxg2 26. Kxg2 Nc6 27. h4 f5 28. Ne3 a5 29.
Rd2 Ne5 30. Rb2 Nd3 31. Rb7 Ra3 32. Rb3 Rxb3 33. axb3 Nc5 34. Nc4 Nxb3 35. Kf3 Kg7 36. Ke3 Kf6 37. Kd3 a4 38. f3 h5 39. Kc3 e5 40. Nb6 Nd4 41. f4 Ne2+ 42. Kd3 a3 43. Nd5+ Ke6 44. Nb4 Nxg3 45. fxe5 Kxe5 0-1

[Event "Late-Titled-Tuesday-Blitz-August-29-2023"]
[Site "Chess.com"]
[Date "2023.08.29"]
[Round "4"]
[White "vladgoncharov"]
[Black "andriipalchuk"]
[Result "0-1"]
[WhiteElo "2519"]
[BlackElo "2707"]
[TimeControl "180+1"]
[EndTime "14:38:32 PDT"]
[Termination "andriipalchuk won by resignation"]

1. d4 d5 2. c4 e6 3. Nc3 c5 4. cxd5 exd5 5. Nf3 Nc6 6. g3 Nf6 7. Bg2 Be7 8. O-O O-O 9. dxc5 Bxc5 10. Bg5 d4 11.
Na4 Be7 12. Rc1 h6 13. Bf4 Be6 14. Ne5 Nxe5 15. Bxe5 b5 16. Nc5 Bxc5 17. Rxc5 Nd7 18. Rxb5 a6 19. Bxa8 axb5 20. Bd6 Qxa8 21. Bxf8 Bh3 22. f3 Bxf1 23. Qxd4 Nxf8 24. Kxf1 Qxa2 25. Kf2 Ne6 26. Qe5 Qc4 27. Kf1 g6 28. h4 h5 29. Kg2 Qc5 30. Qe4 Kg7 31. b4 Qd4 32. Qb1 Qd2 33. Qe4 Nd4 34. Qe5+ Kh7 35. Kf2 Qxb4 36.
Qf6 Kg8 37. Qd8+ Kg7 38. Qd5 Ne6 39. Qe5+ Kh7 40. Qf6 Qd4+ 41. Qxd4 Nxd4 42. Ke3 Nf5+ 43. Kf4 b4 44. g4 hxg4 45. fxg4 Nxh4 46. Ke4 Kh6 47.
Kd4 Kg5 48. Kc4 Kxg4 49. Kxb4 Kf4 50. Kc3 Ke3 51. Kc4 Kxe2 52. Kd5 g5 53. Ke5 Kf3 54. Kf6 g4 55. Kg5 g3 56. Kxh4 g2 57. Kg5 g1=Q+ 58. Kf5 Qg4+ 59. Kf6 Qf4+ 0-1

[Event "Late-Titled-Tuesday-Blitz-August-29-2023"]
[Site "Chess.com"]
[Date "2023.08.29"]
[Round "4"]
[White "XDPS"]
[Black "BillieKimbah"]
[Result "0-1"]
[WhiteElo "2872"]
[BlackElo "3048"]
[TimeControl "180+1"]
[EndTime "14:38:33 PDT"]
[Termination "BillieKimbah won by resignation"]

1. e4 e5 2. Nf3 Nc6 3. Bb5 a6 4. Ba4 Nf6 5. Nc3 Bb4 6. O-O Bxc3 7. bxc3 d6 8. d3 h6 9. Nd2 b5 10. Bb3 O-O 11. a4 Be6 12. c4 Na5 13. cxb5 Nxb3 14.
cxb3 axb5 15. Bb2 Qb8 16. Bc3 Nd7 17. d4 exd4 18. Bxd4 c5 19. Bc3 Qb7 20. Re1 Ne5 21. Bxe5 dxe5 22. Qc2 Rfc8 23. h3 f6 24. Qc3 b4 25.
Qc2 Rd8 26. Nf1 Rd4 27. Qxc5 Bxb3 28. Ne3 Be6 29. Reb1 b3 30. a5 Rc8 31. Qa3 Rxe4 32. a6 Qa7 33. Rxb3 Bxb3 34. Qxb3+ Kh8 35. Qb7 Qa8 36. Rd1 Rd4 37. Rb1 Qxb7 38. axb7 Rb8 39. Nf5 Rd7 40. g4 Rdxb7 41. Rc1 Rb1 0-1

[Event "Late-Titled-Tuesday-Blitz-August-29-2023"]
[Site "Chess.com"]
[Date "2023.08.29"]
[Round "4"]
[White "GMMikhailKazakov"]
[Black "laskakid"]
[Result "0-1"]
[WhiteElo "2351"]
[BlackElo "2181"]
[TimeControl "180+1"]
[EndTime "14:38:33 PDT"]
[Termination "laskakid won on time"]

1. d4 d5 2. c4 c6 3. Nc3 Nf6 4. Nf3 dxc4 5. e4 b5 6. Qc2 e6 7. Be2 Bb7 8. O-O Be7 9. Rb1 O-O 10. b3 cxb3 11. Rxb3 Nbd7 12. e5 Nd5 13. Ne4 Rc8 14.
Nfg5 h6 15. Nh7 Re8 16. Rh3 c5 17. Bxh6 cxd4 18. Qd2 Nc3 19. Bxg7 Nxe2+ 20. Qxe2 Bxe4 21.
Qxe4 Kxg7 22. Qg4+ Bg5 23. Nxg5 f5 24. Qh5 Nxe5 25. Qh7+ Kf6 26. Rh6+ Kxg5 27. Qg7+ Kf4 28. Qg3+ Ke4 29. Re1+ Kd5 30. Qxe5+ Kc6 31. Rh7 Kb6 32. Rb1 Rc5 33. Qe2 e5 34. a4 d3 35. Qd2 Rc2 0-1

[Event "Late-Titled-Tuesday-Blitz-August-29-2023"]
[Site "Chess.com"]
[Date "2023.08.29"]
[Round "4"]
[White "FairChess_on_YouTube"]
[Black "GMKrikor"]
[Result "1-0"]
[WhiteElo "3064"]
[BlackElo "2882"]
[TimeControl "180+1"]
[EndTime "14:38:34 PDT"]
[Termination "FairChess_on_YouTube won by checkmate"]

1. d4 Nf6 2. c4 g6 3. Nc3 d5 4. cxd5 Nxd5 5. Na4 Bf5 6. f3 Nb6 7. e4 Bc8 8. Be3 Bg7 9. Nc5 N6d7 10. Rc1 Nxc5 11.
Rxc5 c6 12. Ne2 O-O 13. Qd2 e5 14. Rc1 exd4 15. Bxd4 Bxd4 16. Qxd4 Qxd4 17. Nxd4 Rd8 18. Rd1 Nd7 19. Bc4 Nb6 20. Bb3 a5 21. a3 Kf8 22. Ke2 Ke7 23. Rd2 c5 24. Nb5 Rxd2+ 25.
Kxd2 Bd7 26. Nc3 Rd8 27. Ke3 Be6 28. Bxe6 Kxe6 29. Ke2 Nc4 30. Nd5 Rc8 31. Rc1 Nxb2 32. Rb1 Nc4 33. Rxb7 Nxa3 34. Kd3 c4+ 35. Kc3 Rc5 36.
Kd4 Rc8 37. Kc3 Rc5 38. g4 h6 39. h4 f5 40. Kd4 Rc8 41. Re7+ Kd6 42. e5+ Kc6 43.
Re6+ Kb5 44. Rb6+ Ka4 45. Nc3# 1-0

[Event "Late-Titled-Tuesday-Blitz-August-29-2023"]
[Site "Chess.com"]
[Date "2023.08.29"]
[Round "4"]
[White "ShiroglanTalibov"]
[Black "Jospem"]
[Result "1-0"]
[WhiteElo "2848"]
[BlackElo "3041"]
[TimeControl "180+1"]
[EndTime "14:38:34 PDT"]
[Termination "ShiroglanTalibov won by checkmate"]

1. e4 c5 2. Nf3 d6 3. d4 cxd4 4. Nxd4 a6 5. c4 e6 6. Nc3 Nf6 7. b3 b6 8. Bb2 Bb7 9. Bd3 Nbd7 10. O-O Be7 11. Qe2 O-O 12. Rad1 Qc7 13. Kh1 Rfe8 14. f4 Bf8 15. Bb1 Rad8 16. Nf3 e5 17. fxe5 dxe5 18. Nd5 Bxd5 19. exd5 g6 20. Rde1 Bd6 21.
Ng5 Bb4 22. Rd1 Qd6 23. Be4 Rf8 24. Rd3 h6 25. Nxf7 Kxf7 26. Rg3 g5 27. Qh5+ Ke7 28. Qxh6 Rg8 29. Bf5 Bd2 30. Be6 Bf4 31. Rgf3 g4 32.
Rxf4 exf4 33. Re1 Qb4 34. Re2 f3 35. Re3 f2 36. Bxg8+ Kd6 37. Qf4+ Ne5 38. Qxe5+ Kd7 39. Be6+ Ke8 40. Bxg4+ Kf8 41. Qxf6+ Kg8 42. Qg7# 1-0

[Event "Late-Titled-Tuesday-Blitz-August-29-2023"]
[Site "Chess.com"]
[Date "2023.08.29"]
[Round "4"]
[White "Nf3c5"]
[Black "GOGIEFF"]
[Result "0-1"]
[WhiteElo "2612"]
[BlackElo "3021"]
[TimeControl "180+1"]
[EndTime "14:38:34 PDT"]
[Termination "GOGIEFF won on time"]

1. e4 c5 2. Nf3 d6 3. c3 Nf6 4. h3 Bd7 5. Bd3 g6 6. O-O Bg7 7. Bc2 c4 8. b3 b5 9. e5 dxe5 10. Nxe5 Nc6 11. Nxd7 Qxd7 12. Na3 cxb3 13. axb3 b4 14.
Nc4 Nd5 15. Qf3 O-O 16. Bb2 a5 17. Be4 e6 18. Ra4 Rfb8 19. Bc2 Ne5 20. Nxe5 Bxe5 21. Ba1 Qc7 22. c4 Nb6 23. Ra2 Rd8 24. Be4 Ra7 25. Bxe5 Qxe5 26. Rfa1 Rd4 27. Bc6 Kg7 28. Bb5 Nd7 29.
Bxd7 Rdxd7 30. Qe3 Qc7 31. d4 Ra8 32. Rd2 Rad8 33.
Rad1 a4 34. bxa4 Qxc4 35. Qe5+ Kg8 36. Qb5 Qxb5 37. axb5 Rb8 38. d5 Rd6 39. dxe6 Rxd2 40. exf7+ Kxf7 41. Rxd2 Rxb5 42. Rb2 Ke6 43. Kf1 Kd5 44. Ke2 Kc4 45. Kd2 Rd5+ 46. Kc2 Re5 47. Kd2 b3 48. Rb1 Rd5+ 49. Kc1 Kc3 50. Rb2 Rd1+ 51. Kxd1 Kxb2 52. f4 Ka2 0-1

[Event "Late-Titled-Tuesday-Blitz-August-29-2023"]
[Site "Chess.com"]
[Date "2023.08.29"]
[Round "4"]
[White "simplerXiao"]
[Black "sofaceindisguise"]
[Result "1-0"]
[WhiteElo "2524"]
[BlackElo "2672"]
[TimeControl "180+1"]
[EndTime "14:38:35 PDT"]
[Termination "simplerXiao won by resignation"]

1. e4 c6 2. d4 d5 3. Nc3 e6 4. e5 c5 5. f4 cxd4 6. Nce2 Nc6 7. Nxd4 Bc5 8. Ngf3 Qb6 9. c3 Nge7 10. Be2 Nf5 11.
Nxf5 exf5 12. Qb3 Bf2+ 13. Kf1 Be6 14. Bd3 O-O 15. Qxb6 Bxb6 16. Ke2 Rfd8 17. a3 d4 18. c4 Na5 19. Nd2 Rac8 20. c5 Bc7 21. b4 Nc6 22.
Bb2 Ne7 23. Rhf1 Nd5 24. Bxd4 Nxb4 25. axb4 Rxd4 26. Rxa7 Rxb4 27. Rb1 Rxf4 28. Rbxb7 Bxe5 29. c6 g6 30. Nf3 Rxf3 31. gxf3 Rxc6 32. h4 Kg7 33.
Rb5 Bf6 34. h5 gxh5 35. Rba5 Rb6 36. Bxf5 Rb2+ 37. Ke3 Rb3+ 38. Kf4 Bc4 39. Be4 h4 40. Rh5 h6 41. Rc7 Rb4 42. Rhc5 Be6 43. Rb7 Bg5+ 44.
Ke5 h3 45. Rxb4 h2 46. Rb1 Be3 47. Rcc1 Ba2 48. Rh1 Bxb1 49. Bxb1 Bg1 50. Ke4 Kf6 51. f4 Kg7 52. Kf3 Kf6 53. Kg3 Kg7 54. Rxh2 Bxh2+ 55. Kxh2 Kf6 56. Kg3 Kg7 57. Kg4 Kf6 58. Kh5 Kg7 59.
Be4 f6 60. Bf5 1-0

[Event "Late-Titled-Tuesday-Blitz-August-29-2023"]
[Site "Chess.com"]
[Date "2023.08.29"]
[Round "4"]
[White "Dzidzik2203"]
[Black "Dontmesswithme_2"]
[Result "0-1"]
[WhiteElo "2346"]
[BlackElo "2488"]
[TimeControl "180+1"]
[EndTime "14:38:36 PDT"]
[Termination "Dontmesswithme_2 won by resignation"]

1. d4 d5 2. c4 c6 3. Nf3 Nf6 4. Nbd2 Bf5 5. Qb3 Qc7 6. e3 e6 7. Nh4 Be4 8. f3 Bg6 9. Nxg6 hxg6 10. g3 Nbd7 11. Bd3 Bd6 12. Nf1 dxc4 13. Bxc4 b5 14. Bd3 a6 15. Bd2 c5 16. dxc5 Nxc5 17. Qc2 Qb7 18. Kf2 Rc8 19. Rc1 O-O 20. Kg2 Rfd8 21.
Be2 g5 22. Bc3 e5 23. Nd2 b4 24. Qf5 bxc3 25. bxc3 e4 26. Qxg5 exf3+ 27. Bxf3 Qb2 28. Rcd1 Nce4 29. Bxe4 Nxe4 30. Qd5 Nxc3 31. Qf5 Nxd1 32. Rf1 Rc7 33. Rxd1 Bb4 34. Qf4 Rxd2+ 35. Rxd2 Qxd2+ 36. Kh3 Rc8 37. Qg4 Rd8 38. Qf4 Qd7+ 39. Kg2 Bd6 40.
Qe4 Rb8 41. Qc4 Qb7+ 42. Kh3 Rc8 43. Qd4 Bf8 44. Qe5 Qc7 45. Qd4 Rd8 46. Qe4 Qd7+ 47. Kg2 Re8 48. Qc4 Qb7+ 49. Kh3 Rxe3 50. Qd4 Re8 51.
Qc4 Qc8+ 52. Qxc8 Rxc8 53. Kg4 Rc4+ 54. Kg5 Ra4 55. h4 Rxa2 56. g4 Rb2 57. Kh5 g6+ 58. Kg5 Kh7 59. h5 Be7+ 60. Kf4 Rb4+ 61. Ke5 g5 62. Kf5 Rb5+ 63. Ke4 a5 64. Kd4 a4 65. Kc4 Rc5+ 66. Kb4 Re5+ 67. Kxa4 Re4+ 68. Kb5 Rxg4 69. Kc6 Rh4 70. Kd7 Rxh5 71. Kxe7 g4 72. Kxf7 g3 73. Kf6 g2 0-1

[Event "Late-Titled-Tuesday-Blitz-August-29-2023"]
[Site "Chess.com"]
[Date "2023.08.29"]
[Round "4"]
[White "PawnEatingZombie"]
[Black "wild3000"]
[Result "0-1"]
[WhiteElo "2089"]
[BlackElo "2319"]
[TimeControl "180+1"]
[EndTime "14:38:37 PDT"]
[Termination "wild3000 won on time"]

1. e4 a6 2. g3 h5 3. h4 d5 4. Nc3 d4 5. Nb1 e5 6. a4 c5 7. Bc4 Nc6 8. d3 Nf6 9. Nf3 Bg4 10. Nbd2 Na5 11. Qe2 Nxc4 12. Nxc4 Qc7 13. a5 Be7 14. Kf1 Nd7 15. Kg2 O-O 16. Qd2 f6 17. Nh2 Be6 18. Qe2 Bf7 19. f4 Bxc4 20. dxc4 g6 21. Bd2 Rf7 22. Nf3 Bd6 23. f5 gxf5 24. exf5 Qc6 25. Rae1 Rg7 26. Qe4 Qxe4 27. Rxe4 Bc7 28. Kh3 Kf7 29. Rg1 Rag8 30. Bh6 Rh7 31. Bd2 Nb8 32. c3 Nc6 33. cxd4 exd4 34. Bf4 Bxf4 35.
Rxf4 Nxa5 36. b4 cxb4 37. Nxd4 Rc8 38. Ne6 Rhh8 39. Rd1 Rhe8 40. Rd7+ Re7 41. Rfd4 Nxc4 42. Rd8 Nb6 43. Rxc8 Nxc8 44. Rd8 Re8 45. Rd7+ Ne7 46.
Rxb7 a5 47. Rb5 Ra8 48. Nc7 Ra7 49. Ne6 Nxf5 50. Nf4 Ng7 51. Nd5 Ne6 0-1

[Event "Late-Titled-Tuesday-Blitz-August-29-2023"]
[Site "Chess.com"]
[Date "2023.08.29"]
[Round "4"]
[White "Zavgorodniy_Sergiy"]
[Black "I_am_Javi"]
[Result "0-1"]
[WhiteElo "2536"]
[BlackElo "2737"]
[TimeControl "180+1"]
[EndTime "14:38:38 PDT"]
[Termination "I_am_Javi won by checkmate"]

1. d4 Nf6 2. c4 g6 3. Nc3 Bg7 4. e4 d6 5. Be2 O-O 6. Nf3 e5 7. O-O Nc6 8. d5 Ne7 9. Ne1 Ne8 10. Be3 f5 11. f3 f4 12. Bf2 g5 13. c5 Ng6 14. a4 Rf7 15. a5 Bf8 16. cxd6 cxd6 17. b4 h5 18. Rc1 Rg7 19. Nb5 Bd7 20. Nxa7 Nf6 21. Bb6 Qe8 22. Rc7 g4 23. Rxb7 Nh4 24. Kh1 Qg6 25. Rg1 g3 26. h3 Nh7 27. Bf1 Ng5 28.
Nc6 Kh8 29. a6 Bxh3 30. Rxg7 Qxg7 31. gxh3 Qd7 32. a7 Nxh3 33. Nb8 Qc8 34. Qc2 Qxc2 35.
Nxc2 Nxg1 36. Bxg1 Nxf3 37. b5 Nd2 38. b6 f3 39. b7 Nxf1 40. Ne1 f2 41. Bxf2 gxf2 42.
bxa8=Q fxe1=Q 43. Nd7 Ne3+ 44. Kh2 Qh4+ 45. Kg1 Qg3+ 46.
Kh1 Qg2# 0-1

[Event "Late-Titled-Tuesday-Blitz-August-29-2023"]
[Site "Chess.com"]
[Date "2023.08.29"]
[Round "4"]
[White "Beca95"]
[Black "MarcoRiehle"]
[Result "1-0"]
[WhiteElo "2957"]
[BlackElo "2831"]
[TimeControl "180+1"]
[EndTime "14:38:39 PDT"]
[Termination "Beca95 won by resignation"]

1. e4 e5 2. Nf3 Nf6 3. Nc3 Nc6 4. Bb5 Bc5 5. Bxc6 dxc6 6. h3 O-O 7. d3 Re8 8. g4 b5 9. Bg5 a5 10.
Ne2 a4 11. Ng3 h6 12. Be3 Bxe3 13. fxe3 Nh7 14. Nf5 Bxf5 15. gxf5 c5 16. Qe2 c4 17.
dxc4 bxc4 18. Qxc4 Ng5 19. Nd2 c6 20. O-O-O Qb6 21.
Qc3 Qb5 22. h4 Nh7 23. Nc4 Re7 24. Rhg1 Nf6 25. Nd6 Qb6 26. Rg2 Rd8 27. Rgd2 Red7 28. Nc4 Qb5 29. Rxd7 Rxd7 30. Rxd7 Nxd7 31. b4 Kh7 32. a3 Nf6 33. Qd3 g6 34. Nd6 Qxd3 35. cxd3 Kg7 36. Kd2 Nd7 37. fxg6 fxg6 38. d4 Kf6 39. Ke2 Ke6 40. Nc4 g5 41. hxg5 hxg5 42. Kf3 Kf7 43. d5 cxd5 44. exd5 Nf6 45. Nxe5+ Ke7 46. e4 Kd6 47. Nc4+ Kc7 48. b5 Nd7 49. e5 Nc5 50. e6 g4+ 51. Kxg4 Nb7 52. b6+ Kc8 53.
d6 Nc5 54. Kf5 Kb7 55. e7 Na6 56. e8=Q Nb8 57. Qxa4 Nc6 58. Kf4 Nb8 59. Qa7+ Kc6 60.
Qxb8 1-0